 Dungeon Crawl Stone Soup version 0.19.4 (webtiles) character file.

611 Minion the Chopper (level 7, 0/61 HPs)
             Began as a Deep Dwarf Fighter on Feb 4, 2017.
             Was a Believer of Cheibriados.
             Slain by a gnoll
             ... wielding a +0 spear
              (1 damage)
             ... on level 5 of the Dungeon.
             The game lasted 00:09:32 (2681 turns).

Minion the Chopper (Deep Dwarf Fighter)             Turns: 2681, Time: 00:09:32

Health: 0/61       AC:  4    Str: 26    XL:     7   Next: 20%
Magic:  16/16      EV: 17    Int: 13    God:    Cheibriados [**....]
Gold:   203        SH:  6    Dex: 27    Spells: 0 memorised, 6 levels left

rFire  . . .     SeeInvis .     a - +0 war axe
rCold  x . .     Gourm    .     z - +0 leather armour of Tiuvvam {rC- rN+++ rCorr Dex+9} (curse)
rNeg   + + +     Faith    .     j - +0 buckler
rPois  +         Spirit   .     m - +0 helmet
rElec  .         Reflect  .     (no cloak)
rCorr  +         Harm     .     (no gloves)
MR     +....                    (no boots)
Stlth  ++........               (no amulet)
                                v - ring of magical power
                                y - ring of poison resistance

@: non-regenerating, very slow
A: damage resistance, recharge devices, sense surroundings 1, slow regeneration
3
a: Device Recharging, Bend Time, Renounce Religion


You were on level 5 of the Dungeon.
You worshipped Cheibriados.
Cheibriados was pleased with you.
You were not hungry.

You visited 1 branch of the dungeon, and saw 5 of its levels.

You collected 203 gold pieces.

Inventory:

Hand Weapons
 a - a +0 war axe (weapon)
Armour
 c - a +0 shield
 j - a +0 buckler (worn)
 m - a +0 helmet (worn)
 z - the cursed +0 leather armour of Tiuvvam (worn) {rC- rN+++ rCorr Dex+9}
   (You found it on level 5 of the Dungeon)

   It affects your dexterity (+9).
   It makes you vulnerable to cold.
   It renders you almost immune to negative energy.
   It protects you from acid and corrosion.
   It has a curse placed upon it.
Jewellery
 v - a ring of magical power (right hand)
 y - a ring of poison resistance (left hand)
Wands
 e - a wand of heal wounds (1/9)
 x - a wand of paralysis (10/24)
Scrolls
 b - a scroll of amnesia {unknown}
 g - 2 scrolls of teleportation {unknown}
 h - 2 scrolls of magic mapping {unknown}
 k - a scroll of enchant armour {unknown}
 n - 4 scrolls of identify {unknown}
 p - a scroll of recharging {unknown}
 s - 2 scrolls of remove curse {unknown}
 w - 2 scrolls of blinking {unknown}
Potions
 d - a potion of might
 i - a potion of cure mutation {unknown}
 l - a potion of resistance {unknown}
 o - 2 potions of curing {unknown}
 q - 2 potions of brilliance {unknown}
 r - 2 potions of flight {unknown}
Comestibles
 f - 5 bread rations
 t - a beef jerky
 u - a royal jelly
 A - a slice of pizza


   Skills:
 - Level 2.6 Fighting
 + Level 5.7 Axes
 + Level 4.9 Armour
 + Level 5.2 Dodging
 - Level 3.2 Shields


You had 6 spell levels left.
You didn't know any spells.

Dungeon Overview and Level Annotations

Branches:
Dungeon (5/15)
 Temple: D:4-7

Altars:
Cheibriados
Fedhas
Ru
Sif Muna


Innate Abilities, Weirdness & Mutations

You are resistant to damage.
You can recharge devices by infusing magical energy.
You passively map a small area around you.
You do not regenerate.


Message History

* * * LOW HITPOINT WARNING * * *
You slash the gnoll!
The gnoll is heavily wounded.
The gnoll misses you.
The gnoll hits you with an enchanted spear.
* * * LOW HITPOINT WARNING * * *
The gnoll hits you from afar with a spear.
* * * LOW HITPOINT WARNING * * *
You barely miss the gnoll.
The gnoll is heavily wounded.
You block the gnoll's attack. x2; The gnoll misses you.
You slash the gnoll!
You kill the gnoll!
Cheibriados appreciates the change of pace.
The gnoll barely misses you. The gnoll misses you.
The gnoll closely misses you.
You see here an enchanted spear.
The gnoll closely misses you.
You completely miss the gnoll. The gnoll hits you with a spear.
You die...

...# .. ...###* * #.##
*, ...#.. .>....
**#.##.#*#....#
#.##.###...# #.
#######.##.#..... ..
#.......##.#.#.# * #.
#....)..'......# *##.
#....@..####...# ..
#...>g..##.....#** #.
#.......##.....######.
#.......##............
#.......####..##.#.##.
######### #..##.#.###
#..#......#
#..##..<...
#.....#.###


You could see a gnoll.

Vanquished Creatures
  2 ogres (D:4)
  A howler monkey (D:4)
  A crimson imp (D:5)
  A hound (D:5)
  3 orc wizards
  3 worker ants (D:4)
  2 gnolls (D:5)
  4 adders
  3 oozes
  An adder skeleton (D:4)
  2 worms
  5 dart slugs
  2 leopard geckos
  8 orcs
  9 bats
  4 giant cockroaches
  8 goblins
  5 hobgoblins
  8 jackals (D:1)
  2 kobolds
  3 quokkas
  3 ball pythons
  5 frilled lizards
  12 rats
97 creatures vanquished.

Notes
Turn   | Place    | Note
-------+----------+-------------------------------------------
     0 | D:1      | Minion the Deep Dwarf Fighter began the quest for the Orb.
     0 | D:1      | Reached XP level 1. HP: 20/20 MP: 1/1
    47 | D:1      | Reached skill level 1 in Dodging
    47 | D:1      | Reached XP level 2. HP: 10/27 MP: 2/2
   348 | D:1      | Reached XP level 3. HP: 30/33 MP: 3/3
  1089 | D:2      | Reached XP level 4. HP: 27/40 MP: 4/4
  1490 | D:3      | Found a faded altar of an unknown god.
  1498 | D:3      | Became a worshipper of Cheibriados the Contemplative
  1498 | D:3      | Reached * piety under Cheibriados
  1581 | D:3      | Reached XP level 5. HP: 34/46 MP: 5/5
  1909 | D:4      | Noticed an ogre
  1918 | D:4      | Killed an ogre
  2011 | D:4      | Reached ** piety under Cheibriados
  2011 | D:4      | Reached XP level 6. HP: 26/55 MP: 6/6
  2014 | D:4      | Found a deep blue altar of Sif Muna.
  2017 | D:4      | Found a sacrificial altar of Ru.
  2020 | D:4      | Found a blossoming altar of Fedhas.
  2066 | D:4      | Reached skill level 5 in Axes
  2427 | D:4      | Reached skill level 5 in Dodging
  2427 | D:4      | Reached XP level 7. HP: 50/61 MP: 7/7
  2554 | D:5      | Entered Level 5 of the Dungeon
  2592 | D:5      | Got a scorched leather armour
  2603 | D:5      | Identified the cursed +0 leather armour of Tiuvvam {rC- rN+++ rCorr Dex+9} (You found it on level 5 of the Dungeon)
  2676 | D:5      | HP: 1/61 [gnoll/spear (4)]
  2681 | D:5      | Slain by a gnoll

Skill      XL: |  1  2  3  4  5  6 |
---------------+-------------------+-----
Dodging        | 1 2 3 4 5 |  5.2
Axes           | 3 4 5 |  5.7
Armour         | 4 |  4.9
Fighting       | |  2.6
Shields        | |  3.2

Action                   |  1- 3 |  4- 6 |  7- 9 || total
-------------------------+-------+-------+-------++-------
Melee: War axe           |    97 |   167 |    23 ||   287
Evoke: Wand              |     1 |     3 |       ||     4
  Eat: Chunk             |     1 |     3 |       ||     4
Armor: Scale mail        |    48 |    61 |     4 ||   113
Dodge: Dodged            |    51 |   100 |    23 ||   174
Block: Shield            |    15 |       |       ||    15
       Buckler           |    20 |    37 |     6 ||    63
